 Dungeon Crawl Stone Soup version 0.28-a0-1184-g53156a8862 (webtiles) character file.

Game seed: 8483614283370449298

13850 septik the Warrior (level 11, -12/116 HPs)
             Began as a Minotaur Berserker on Dec 16, 2021.
             Was an Elder of Trog.
             Mangled by a gargoyle (13 damage)
             ... on level 12 of the Dungeon on Dec 17, 2021.
             The game lasted 00:13:46 (13236 turns).

septik the Warrior (Minotaur Berserker)            Turns: 13236, Time: 00:13:46

Health: -12/116    AC: 14    Str: 26    XL:     11   Next: 81%
Magic:  10/10      EV:  7    Int:  4    God:    Trog [****..]
Gold:   513        SH:  0    Dex: 10    Spells: 10/10 levels left

rFire   . . .      SeeInvis .   H - +0 war axe (vorpal)
rCold   . . .      Faith    .   (no shield)
rNeg    . . .      Spirit   .   S - +0 plate armour
rPois   .          Reflect  .   (helmet restricted)
rElec   .          Harm     .   I - +1 cloak
rCorr   .          Rampage  .   (no gloves)
Will    .....                   B - +0 pair of boots
Stlth   ..........              (no amulet)
HPRegen 0.29/turn               (no ring)
MPRegen 0.12/turn               (no ring)

@: mighty, spiked, very slow
A: horns 2, retaliatory headbutt
a: Renounce Religion, Berserk, Trog's Hand, Brothers in Arms


You were on level 12 of the Dungeon.
You worshipped Trog.
Trog was greatly pleased with you.
You visited 1 branch of the dungeon, and saw 12 of its levels.

You collected 634 gold pieces.
You spent 121 gold pieces at shops.

Inventory:

Hand Weapons
 a - a +0 hand axe
 k - a +3 whip
 x - a +0 war axe of draining
 H - a +0 vorpal war axe (weapon)
Missiles
 g - 392 stones (quivered)
 q - 88 poisoned darts
 s - 8 curare-tipped darts
Armour
 y - a +0 chain mail
 B - a +0 pair of boots (worn)
 I - a +1 cloak (worn)
 R - the +1 scale mail of Thoughtfulness {Str+2}
   (You took it off a kobold brigand on level 10 of the Dungeon)

   Str:       It affects your strength (+2).
 S - a +0 plate armour (worn)
Jewellery
 w - a +6 ring of intelligence
 E - an amulet of faith
 M - a +6 ring of intelligence
Wands
 u - a wand of flame (32)
 z - a wand of iceblast (9)
 C - a wand of paralysis (8)
 Q - a wand of digging (3)
Scrolls
 b - 2 scrolls of fear
 c - 3 scrolls of summoning
 h - 4 scrolls of immolation
 j - a scroll of blinking
 l - 2 scrolls of noise
 n - 4 scrolls of teleportation
 o - 5 scrolls of amnesia {unknown}
 p - 9 scrolls of identify {unknown}
 r - 2 scrolls of magic mapping {unknown}
 t - a scroll of fog {unknown}
 A - 2 scrolls of enchant weapon {unknown}
 D - 2 scrolls of vulnerability {unknown}
 K - a scroll of brand weapon {unknown}
 N - a scroll of enchant armour {unknown}
Potions
 d - 3 potions of mutation {unknown}
 e - 2 potions of heal wounds {unknown}
 f - 4 potions of haste {unknown}
 i - 4 potions of might
 m - a potion of berserk rage {unknown}
 v - 7 potions of curing {unknown}
 F - a potion of brilliance {unknown}
 G - a potion of ambrosia {unknown}
 J - a potion of flight {unknown}
 L - 4 potions of lignification {unknown}
 O - 2 potions of attraction {unknown}
 P - a potion of cancellation {unknown}
 T - 3 potions of invisibility {unknown}


   Skills:
 + Level 16.6 Fighting
 - Level 16.0 Axes
 - Level 2.4 Armour
 - Level 2.1 Dodging


You had 10 spell levels left.
You didn't know any spells.
Your spell library was empty.

Dungeon Overview and Level Annotations

Branches:
Dungeon (12/15)            Temple (0/1) D:6            Lair (0/6) D:8
    Orc: D:9-12

Altars:
Ashenzari
Cheibriados
Dithmenos
Gozag
Hepliaklqana
Nemelex Xobeh
Qazlal
Ru
Sif Muna
Trog
Uskayaw
Wu Jian
The Shining One

Shops:
D:5 (   D:8 [   D:10 (   D:12 *

Annotations:
D:9 2 transporters, tilp's ghost, novice FeIE


Innate Abilities, Weirdness & Mutations

You have a pair of horns on your head.
You reflexively headbutt those who attack you in melee.


Message History

You cannot call out to Trog while unable to breathe.
You cannot call out to Trog while unable to breathe.
You slice the water elemental!!
You destroy the water elemental!
Trog accepts your kill.
You gasp with relief as air once again reaches your lungs.
You hit the manticore but do no damage. You hit the gargoyle.
The vampire casts a spell.
The vampire flickers and vanishes!
Deactivating autopickup; reactivate with Ctrl-A.
The manticore bites you but does no damage.
The manticore claws you.
* * * LOW HITPOINT WARNING * * *
The manticore claws you!
* * * LOW HITPOINT WARNING * * *
The gargoyle hits you with a +0 mace.
* * * LOW HITPOINT WARNING * * *
You slash the manticore! Your headbutt misses the manticore.
The manticore is severely wounded.
You slash the acid dragon! You hit the gargoyle but do no damage.
Your plate armour prevents you from hitting the troll.
The kobold demonologist mumbles some strange words.
The manticore bites you.
* * * LOW HITPOINT WARNING * * *
The manticore claws you but does no damage. x2
The troll bites you.
* * * LOW HITPOINT WARNING * * *
The troll claws you.
* * * LOW HITPOINT WARNING * * *
The troll claws you but does no damage.
Welcome back, septik the Minotaur Berserker.
Trog says: Kill them all!
Press ? for a list of commands and other information.
You are too injured to fight recklessly!
You are too injured to fight recklessly!
You hit the troll. You headbutt the troll.
The troll is moderately wounded.
You hit the manticore. You slash the acid dragon! You slash the gargoyle!
The gargoyle hits you with a +0 mace!
You die... ≈≈≈ ≈?♣(≈ ≈≈≈ ≈≈≈≈.(.5S≈≈ ≈≈♣≈≈≈♣≈≈ ≈≈≈≈K5≈ ≈≈g≈≈ Sc≈

♣S♣ #T# ♣@♣
♣9DH♣ ♣≈≈D{≈♣
♣≈≈≈≈≈≈≈♣
♣≈≈♣≈≈≈♣≈≈♣
♣≈≈≈≈!/.≈≈≈≈♣
#≈≈≈ ≈:♣!≈
≈≈≈# #♣≈≈≈≈.
.≈≈≈≈♣#


You could see a centaur warrior, a manticore, a kobold demonologist, a troll, 2
acid dragons, a gargoyle, a gnoll sergeant, 2 electric eels and 2 crimson imps.

Vanquished Creatures
  Erolcha (D:11)
  A hydra (D:9)
  2 boulder beetles (D:9)
  5 two-headed ogres
  A centaur warrior (D:9)
  An ugly thing (D:7)
  A cyclops (D:8)
  Maggie (D:10)
  An unseen horror (D:10)
  A troll (D:5)
  A meliai zombie (D:6)
  A shadow (D:9)
  6 yaks (D:8)
  A water elemental (D:12)
  2 wraiths
  A steam dragon (D:8)
  An acid dragon (D:11)
  Edmund (D:5)
  2 water moccasins
  Duvessa (D:7)
  3 orc warriors
  A sky beast (D:7)
  2 black bears (D:5)
  An ice beast (D:4)
  A necrophage (D:7)
  4 ogres
  4 centaurs
  Blork the orc (D:6)
  4 kobold brigands
  3 bullfrogs
  A gnoll sergeant (D:10)
  Dowan (D:7)
  A water moccasin skeleton (D:5)
  4 killer bees (D:11)
  12 wights
  3 howler monkeys (D:11)
  3 centaur zombies
  3 hounds
  5 jellies
  2 orc priests
  A bullfrog skeleton (D:4)
  A centaur skeleton (D:7)
  Jessica (D:3)
  4 orc wizards
  Natasha (thrice) (D:3)
  A killer bee zombie (D:9)
  A hound skeleton (D:4)
  A howler monkey zombie (D:6)
  A howler monkey skeleton (D:4)
  8 gnolls
  10 adders
  3 white imps
  An ufetubus (D:7)
  An adder skeleton (D:4)
  3 worms
  2 dart slugs
  11 orcs
  6 endoplasms
  4 giant cockroaches
  7 goblins
  5 hobgoblins
  3 jackals (D:5)
  4 quokkas
  10 ball pythons
  4 bats (D:1)
  A frilled lizard (D:2)
  18 kobolds
  7 rats (D:1)
213 creatures vanquished.

Vanquished Creatures (others)
  4 plants (D:12)
4 creatures vanquished.

Grand Total: 217 creatures vanquished

Notes
Turn   | Place    | Note
-------+----------+-------------------------------------------
     0 | D:1      | septik the Minotaur Berserker began the quest for the Orb.
     0 | D:1      | Reached XP level 1. HP: 19/19 MP: 0/0
   279 | D:1      | Reached XP level 2. HP: 14/26 MP: 1/1
   854 | D:2      | Reached skill level 5 in Axes
   854 | D:2      | Reached XP level 3. HP: 31/31 MP: 2/2
  1043 | D:2      | Reached ** piety under Trog
  1693 | D:2      | Reached XP level 4. HP: 33/39 MP: 3/3
  2000 | D:3      | Noticed Natasha
  2006 | D:3      | Killed Natasha
  2253 | D:3      | Noticed Natasha
  2260 | D:3      | Killed Natasha
  2261 | D:3      | Reached XP level 5. HP: 29/45 MP: 4/4
  2414 | D:3      | Noticed Jessica
  2418 | D:3      | Killed Jessica
  2456 | D:3      | Found a glowing golden altar of the Shining One.
  2515 | D:3      | Noticed Natasha
  2536 | D:3      | Killed Natasha
  2696 | D:3      | Found a faded altar of an unknown god.
  3324 | D:4      | Reached XP level 6. HP: 41/51 MP: 5/5
  4064 | D:4      | Noticed an ice beast
  4068 | D:4      | Killed an ice beast
  4404 | D:5      | Entered Level 5 of the Dungeon
  4404 | D:5      | Noticed Edmund
  4410 | D:5      | Killed Edmund
  4411 | D:5      | Reached skill level 10 in Axes
  4411 | D:5      | Reached XP level 7. HP: 57/57 MP: 6/6
  4718 | D:5      | Found a sacrificial altar of Ru.
  4863 | D:5      | Noticed a troll
  4869 | D:5      | Killed a troll
  4869 | D:5      | Reached *** piety under Trog
  4947 | D:5      | Reached XP level 8. HP: 64/64 MP: 7/7
  5224 | D:5      | Found a snail-covered altar of Cheibriados.
  5415 | D:5      | Found Otrous's Antique Weapon Shoppe.
  5502 | D:6      | Found a staircase to the Ecumenical Temple.
  5518 | D:6      | Noticed Blork the orc
  5525 | D:6      | Killed Blork the orc
  6443 | D:6      | Reached XP level 9. HP: 63/70 MP: 8/8
  6543 | D:6      | Found a hide-covered altar of Uskayaw.
  6679 | D:7      | Reached skill level 15 in Axes
  6781 | D:7      | Noticed a cyan ugly thing
  6789 | D:7      | Killed a cyan ugly thing
  7225 | D:7      | Noticed Dowan
  7225 | D:7      | Noticed Duvessa
  7233 | D:7      | Killed Duvessa
  7234 | D:7      | Reached skill level 5 in Fighting
  7237 | D:7      | Killed Dowan
  7704 | D:7      | Found an opulent altar of Gozag.
  7850 | D:8      | Found Irunk's Antique Armour Shop.
  8109 | D:8      | Noticed a two-headed ogre
  8118 | D:8      | Killed a two-headed ogre
  8119 | D:8      | Reached XP level 10. HP: 37/88 MP: 9/9
  8398 | D:8      | Found an ornate altar of the Wu Jian Council.
  8431 | D:8      | Found a shadowy altar of Dithmenos.
  8456 | D:8      | Noticed a cyclops
  8462 | D:8      | Killed a cyclops
  8698 | D:8      | Noticed a two-headed ogre
  8705 | D:8      | Killed a two-headed ogre
  8848 | D:8      | Found a stormy altar of Qazlal.
  8914 | D:8      | Reached skill level 10 in Fighting
  9198 | D:8      | Found a staircase to the Lair.
  9279 | D:8      | Noticed a two-headed ogre
  9285 | D:8      | Killed a two-headed ogre
  9591 | D:9      | Found a broken altar of Ashenzari.
  9632 | D:9      | Found a transporter.
  9656 | D:9      | Found a sparkling altar of Nemelex Xobeh.
  9673 | D:9      | Noticed a centaur warrior
  9674 | D:9      | Noticed a boulder beetle
  9680 | D:9      | Killed a centaur warrior
  9687 | D:9      | Killed a boulder beetle
  9688 | D:9      | Reached XP level 11. HP: 45/107 MP: 10/10
 10153 | D:9      | Noticed a five-headed hydra
 10159 | D:9      | Killed a five-headed hydra
 10296 | D:9      | Noticed a boulder beetle
 10305 | D:9      | Killed a boulder beetle
 10351 | D:9      | Noticed a two-headed ogre
 10358 | D:9      | Killed a two-headed ogre
 10690 | D:9      | Noticed a five-headed hydra
 10697 | D:9      | Found a transporter.
 10697 | D:9      | Noticed tilp's ghost (novice FeIE)
 10817 | D:10     | Entered Level 10 of the Dungeon
 11143 | D:10     | Found a shimmering blue altar of Sif Muna.
 11168 | D:10     | Found a bloodstained altar of Trog.
 11585 | D:10     | Reached **** piety under Trog
 11763 | D:10     | Found a hazy altar of Hepliaklqana.
 11786 | D:10     | Reached skill level 15 in Fighting
 11813 | D:10     | Noticed Maggie
 11820 | D:10     | Killed Maggie
 11861 | D:10     | Found Taducor's Weapon Boutique.
 11865 | D:10     | Identified the +1 scale mail of Thoughtfulness {Str+2}
 12829 | D:11     | Noticed a two-headed ogre
 12830 | D:11     | Noticed Erolcha
 12840 | D:11     | Killed Erolcha
 12840 | D:11     | Killed a two-headed ogre
 13211 | D:12     | Found Otuu's Assorted Antiques.
 13220 | D:12     | Bought 2 fizzy yellow potions for 46 gold pieces
 13220 | D:12     | Bought a scroll labelled BEBBOU ZOOQEAWN for 26 gold pieces
 13220 | D:12     | Bought a metallic inky potion for 23 gold pieces
 13220 | D:12     | Bought a scroll labelled BAODYG VOCOSOT for 26 gold pieces
 13229 | D:12     | Noticed a centaur warrior
 13235 | D:12     | HP: 4/116 [troll (3)]
 13235 | D:12     | HP: 1/116 [troll (3)]
 13236 | D:12     | Upgraded the game from 0.28-a0-1174-g766a6a42ef to
                  | 0.28-a0-1184-g53156a8862
 13236 | D:12     | Mangled by a gargoyle

Illustrated notes

Levels and vault maps discovered:
D:1:      dpeg_arrival_ratfight, layout_basic, minmay_tromino_i2
D:2:      layout_basic, ebering_dispersal_statue_hall
D:3:      layout_rooms, tso_metal_star, hellmonk_ecumenical_altar_blasted,
          uniq_natasha, uniq_jessica
D:4:      layout_loops_corners
D:5:      layout_loops_ring, lemuel_doored_altar, slow_altar_2, serial_shops,
          kennysheep_mini, grunt_decor_clamped, minmay_misc_feat_rugged,
          uniq_edmund
D:6:      layout_cave_pools, kennysheep_mini_moat, minmay_temple_entry_ruins,
          uniq_blork_the_orc
D:7:      layout_basic, nicolae_gozag_cash_rules_everything_around_me,
          hangedman_decor_growths, uniq_duvessa
D:8:      nicolae_cairo_tiling_very_big, layout_gridville,
          mainiacjoe_overflow_24_doors, mainiacjoe_overflow_catch_the_wave,
          serial_glass, glass_columns_a, glass_columns_a, serial_shops, shop
D:9:      kennysheep_blocky_hall, layout_loops_cross,
          mainiacjoe_overflow_catwalk, nemelex_xobeh_ov_fountains_minmay,
          serial_glass, glass_columns_a, glass_columns_a, gammafunk_ghost_arena
D:10:     layout_loops_corners, mainiacjoe_overflow_six_doors_small, trog_book,
          mainiacjoe_overflow_tiny_flanked, serial_shops,
          nicolae_shop_bloodbath_and_beyond, uniq_maggie
D:11:     layout_cave_pools, uniq_erolcha
D:12:     kennysheep_four_of_diamonds, layout_loops_ring, serial_shops,
          nicolae_shop_overgrown_old_shop, st_stairs_2, uniq_urug

Skill      XL: |  1  2  3  4  5  6  7  8  9 10 11 |
---------------+----------------------------------+-----
Axes           | 4 5 6 8 10 11 14 16 | 16.0
Fighting       | 7 13 16 | 16.6
Armour         | |  2.4
Dodging        | |  2.1

Action                   |  1- 3 |  4- 6 |  7- 9 | 10-12 || total
-------------------------+-------+-------+-------+-------++-------
Melee: Hand axe          |    53 |       |       |       ||    53
       Headbutt          |     7 |    19 |    29 |    49 ||   104
       Whip              |    16 |    70 |       |     4 ||    90
       War axe           |       |    29 |   153 |   194 ||   376
Invok: Berserk           |       |     5 |     7 |    11 ||    23
       Trog's Hand       |       |     1 |     1 |     1 ||     3
  Use: Scroll            |       |       |       |     5 ||     5
       Potion            |       |       |       |     1 ||     1
 Stab: Sleeping          |     1 |       |       |       ||     1
Armor: Animal skin       |    13 |     1 |       |       ||    14
       Ring mail         |       |    26 |       |       ||    26
       Chain mail        |       |       |    71 |    93 ||   164
       Plate armour      |       |       |       |    39 ||    39
Dodge: Dodged            |    43 |    41 |    70 |    55 ||   209

Table legend: (Time is in decaauts)
 A = Elapsed time spent in this place.
 B = Non-inter-level travel time spent in this place.
 C = Inter-level travel time spent in this place.
 D = Time resting spent in this place.
 E = Time spent auto-exploring this place.
 F = Levels seen in this place.
 G = Mean time per level.
                   A        B        C        D        E       F      G
               +--------+--------+--------+--------+--------+-----+--------+
         Total |  13419 |  13046 |    373 |   1900 |   9598 |  12 | 1118.2 |
       Dungeon |  13419 |  13046 |    373 |   1900 |   9598 |  12 | 1118.2 |
               +--------+--------+--------+--------+--------+-----+--------+

Top non-repeatable levels by time:
     D:9: 1740 daAuts
     D:8: 1705 daAuts
     D:4: 1557 daAuts
     D:6: 1308 daAuts
    D:10: 1176 daAuts
     D:7: 1173 daAuts
     D:2: 1145 daAuts
     D:5: 1068 daAuts
     D:3: 968 daAuts
     D:1: 852 daAuts
    D:11: 696 daAuts
    D:12: 25 daAuts
